[Event "Titled Tuesday Blitz November 07 Early 2023"]
[White "Timerkhanov, Alexander"]
[Black "Rostovtsev, Dmitry"]
[WhiteFideId "24177938"]
[BlackFideId "34278320"]
[WhiteElo "2717"]
[BlackElo "2941"]
[Result "1-0"]
[Round "4"]
[TimeControl "180+1"]
[Date "2023.11.07"]
[WhiteClock "0:00:08"]
[BlackClock "0:00:03"]
[Board "30"]

1. d4 Nf6 2. Bg5 c5 3. d5 g6 4. Nc3 Bg7 5. e4 d6 6. f3 O-O 7. Qd2 a6 8. a4 Qa5 9. Bh6 b5 10. h4 b4 11. Nd1 Bxh6 12. Qxh6 b3+ 13. c3 e6 14. dxe6 Bxe6 15. h5 Nc6 16. hxg6 fxg6 17. Nh3 Ne5 18. Ng5 Nf7 19. Nxf7 Rxf7 20. Ne3 Re8 21. Qg5 d5 22. e5 Nd7 23. f4 Nb6 24. Bd3 Rg7 25. O-O d4 26. cxd4 cxd4 27. Ng4 Bxg4 28. Qxg4 Nd5 29. Bc4 Kh8 30. Bxd5 Qxd5 31. Rad1 Rf7 32. Rd3 Qe4 33. Qf3 Rxe5 34. Rxb3 Qxf3 35. Rfxf3 Re4 36. g3 d3 37. Rfxd3 Rxa4 38. Rb8+ Kg7 39. Rdb3 Rc4 40. R8b7 Rc2 41. Rxf7+ Kxf7 42. Rb7+ Kf6 43. Rb6+ Kf5 44. Rxa6 Kg4 45. Ra3 Rxb2 46. Rd3 Re2 47. Rc3 Rd2 48. Rb3 Rc2 49. Ra3 Rb2 50. Rc3 Rd2 51. Rb3 Re2 52. Rc3 Kh3 53. Kf1 Rb2 54. Rd3 Rg2 55. g4+ Rg3 56. Rxg3+ Kxg3 57. f5 h5 58. gxh5 gxh5 59. f6 h4 60. f7 h3 61. f8=Q h2 62. Qf2+ Kh3 63. Qg2+ Kh4 64. Qh1 Kg3 65. Qg2+ Kh4 66. Qxh2+ 1-0


[Site "https://www.chess.com"]

[Event "Titled Tuesday Blitz November 07 Early 2023"]
[White "Halkias, Stelios"]
[Black "Makhnev, Denis"]
[WhiteFideId "4201809"]
[BlackFideId "13707647"]
[WhiteElo "2719"]
[BlackElo "2926"]
[Result "0-1"]
[Round "4"]
[TimeControl "180+1"]
[Date "2023.11.07"]
[WhiteClock "0:00:00"]
[BlackClock "0:00:03"]
[Board "31"]

1. Nf3 d5 2. d4 e6 3. c4 c6 4. g3 dxc4 5. Bg2 b5 6. O-O Bb7 7. a4 a6 8. Nc3 Nd7 9. Bg5 Ngf6 10. Bxf6 Nxf6 11. Ne5 Qb6 12. e3 Be7 13. Qf3 Rc8 14. Ne4 O-O 15. Nxf6+ Bxf6 16. Nd7 Qc7 17. Nxf6+ gxf6 18. Qxf6 Qd8 19. Qh6 Qe7 20. Rfd1 f6 21. e4 Rcd8 22. h4 e5 23. dxe5 Qxe5 24. Bh3 Qxe4 25. Rxd8 Rxd8 26. Qxf6 Re8 27. Bg2 Qe7 28. Qf5 Rf8 29. Qg4+ Kh8 30. Rd1 Qf6 31. Qe2 Bc8 32. f4 Bf5 33. axb5 cxb5 34. Rd5 Bd3 35. Qf2 Re8 36. Bf3 Rg8 37. Kh2 h6 38. Rd7 Re8 39. Qc5 Qxb2+ 40. Kh3 Qf6 41. Rd6 Qf5+ 42. Qxf5 Bxf5+ 43. g4 Bd3 44. Rxh6+ Kg7 45. Rxa6 b4 46. Rc6 b3 47. h5 b2 48. h6+ Kh7 49. Rc7+ Kxh6 50. Kh4 Rh8 51. f5 Bxf5 52. gxf5 b1=Q 0-1


[Site "https://www.chess.com"]

[Event "Titled Tuesday Blitz November 07 Early 2023"]
[White "Atakhan, Abtin"]
[Black "Baskakov, Egor"]
[WhiteFideId "22502203"]
[BlackFideId "24197866"]
[WhiteElo "2709"]
[BlackElo "2926"]
[Result "1-0"]
[Round "4"]
[TimeControl "180+1"]
[Date "2023.11.07"]
[WhiteClock "0:01:19"]
[BlackClock "0:00:46"]
[Board "32"]

1. Nf3 Nf6 2. c4 e6 3. Nc3 d5 4. d4 Ne4 5. Bf4 f5 6. e3 c6 7. Ne5 g6 8. Nxe4 dxe4 9. c5 Nd7 10. Bc4 Bg7 11. O-O Qe7 12. Bb3 Nxe5 13. dxe5 Qxc5 14. Rc1 Qe7 15. f3 g5 16. fxe4 gxf4 17. exf5 Bxe5 18. fxe6 O-O 19. exf4 Bxb2 20. Rc2 Bf6 21. f5 b6 22. Rxc6 Bb7 23. Rd6 Rad8 24. Rxd8 Qc5+ 25. Kh1 Rxd8 26. e7+ 1-0


[Site "https://www.chess.com"]

[Event "Titled Tuesday Blitz November 07 Early 2023"]
[White "Krallis, Christos"]
[Black "Melkumyan, Hrant"]
[WhiteFideId "4298896"]
[BlackFideId "13302485"]
[WhiteElo "2708"]
[BlackElo "2890"]
[Result "0-1"]
[Round "4"]
[TimeControl "180+1"]
[Date "2023.11.07"]
[WhiteClock "0:00:01"]
[BlackClock "0:00:10"]
[Board "33"]

1. e4 e5 2. Nf3 Nc6 3. Bc4 Nf6 4. Nc3 Nxe4 5. Nxe4 d5 6. Bd3 f5 7. Nc3 e4 8. O-O exd3 9. Re1+ Be7 10. cxd3 O-O 11. Qb3 Kh8 12. Nxd5 Bd6 13. Ne3 b6 14. Nc4 Bb7 15. Nxd6 Qxd6 16. Qc3 Rae8 17. Re3 f4 18. Re4 Ne7 19. b3 Bxe4 20. dxe4 Qc6 21. Bb2 Qxc3 22. Bxc3 c5 23. h4 Nc6 24. Re1 h6 25. h5 Kh7 26. Nh4 Re6 27. Ng6 Rf7 28. f3 Ne7 29. Nh4 Rf8 30. Kf2 Rd8 31. g3 fxg3+ 32. Kxg3 b5 33. a3 Rd3 34. Ng2 Ra6 35. Nf4 Rd7 36. b4 c4 37. Ra1 Nc8 38. Ne2 Nb6 39. Nd4 Na4 40. Nf5 Nxc3 41. dxc3 Rd3 42. Kf4 Rf6 43. Rg1 Rf7 44. e5 Rxf3+ 45. Kxf3 Rxf5+ 46. Ke4 Rxh5 47. e6 Kg8 48. e7 Kf7 49. Rxg7+ Ke8 50. Rg8+ Kxe7 51. Rg7+ Kf6 52. Rxa7 Re5+ 53. Kd4 Rf5 54. Rh7 Kg5 55. a4 bxa4 56. Kxc4 h5 57. b5 a3 58. b6 h4 59. b7 Rf8 60. Kc5 a2 61. Rg7+ Kh5 62. Rg1 h3 63. Kc6 h2 64. Rh1 Kg4 65. Kc7 Kg3 66. b8=Q Rxb8 67. Kxb8 Kg2 68. Ra1 h1=Q 69. Rxa2+ Kf3 70. Ra7 Qh8+ 71. Kb7 Ke4 72. Kb6 Qf6+ 73. Kb7 Kd5 74. Ra5+ Kc4 75. Ra4+ Kb5 76. Rb4+ Kc5 77. Ka7 Qxc3 78. Rb7 Qd4 79. Rc7+ Kb5+ 80. Kb7 Qd5+ 81. Kb8 Kb6 82. Re7 Qd8# 0-1


[Site "https://www.chess.com"]

[Event "Titled Tuesday Blitz November 07 Early 2023"]
[White "Alexandre, Anne Shopie Elizabeth"]
[Black "Shapiro, Viktor"]
[WhiteFideId "11902418"]
[BlackFideId "4175700"]
[WhiteElo "2867"]
[BlackElo "2591"]
[Result "1/2-1/2"]
[Round "4"]
[TimeControl "180+1"]
[Date "2023.11.07"]
[WhiteClock "0:00:05"]
[BlackClock "0:00:21"]
[Board "34"]

1. d4 Nf6 2. c4 c5 3. d5 e6 4. Nc3 exd5 5. cxd5 d6 6. e4 g6 7. Nf3 Bg7 8. h3 O-O 9. Bd3 b5 10. O-O b4 11. Ne2 Re8 12. Ng3 Ba6 13. Re1 Bxd3 14. Qxd3 Nbd7 15. Bf4 Nb6 16. Rac1 h6 17. b3 a5 18. Nf1 a4 19. N1d2 axb3 20. axb3 Ra3 21. Qb5 Nh5 22. Bh2 Bc3 23. Qc6 Nc8 24. Re2 Ra2 25. Kf1 Nf6 26. g4 g5 27. Rce1 Kg7 28. Kg2 Rb2 29. Qa4 Nb6 30. Qc6 Nc8 31. Qa6 Nb6 32. Qb5 Re7 33. Qc6 Nc8 34. Nc4 Rxb3 35. e5 dxe5 36. Bxe5 Bxe5 37. Rxe5 Rc3 38. d6 Rxe5 39. Ncxe5 Nxd6 40. Rd1 Nfe4 41. Qxe4 Nxe4 42. Rxd8 b3 43. Rd7 Rc2 44. Rxf7+ Kg8 45. Ne1 Rxf2+ 46. Rxf2 Nxf2 47. Nc4 Ne4 48. Nd3 Kf7 49. Kf3 Nc3 50. Nxc5 Kf6 51. Nxb3 Nd5 52. Nbd2 Nf4 53. Ne4+ Kg6 54. Nf2 h5 55. Ne3 Nxh3 56. Nxh3 hxg4+ 57. Kxg4 Kf6 58. Nf5 Ke5 59. Ng3 Ke6 60. Nh5 Ke5 61. Nf2 Kd4 62. Ng3 Ke5 63. Nd3+ Kd4 64. Nb4 Ke5 65. Nc6+ Ke6 66. Nd4+ Ke5 67. Nf3+ Ke6 68. Ne1 Ke5 69. Ng2 Ke6 70. Ne3 Ke5 71. Nef5 Ke6 72. Nh6 Ke5 73. Kh5 Ke6 74. Ng4 Kd5 75. Kg6 Kd4 76. Kf5 Kd3 77. Ke5 Kc4 78. Ke4 Kc5 79. Nf5 Kc4 80. Nfe3+ Kc5 81. Ke5 Kc6 82. Kd4 Kd6 83. Nc4+ Ke6 84. Ke4 Ke7 85. Ke5 Kd7 86. Kd5 Kc7 87. Kc5 Kd7 88. Kd5 Kc7 89. Nd2 Kd7 90. Nb3 Kc7 91. Nd4 Kd7 92. Ne6 Ke7 93. Nc5 Kf7 94. Kd6 Ke8 95. Ne6 Kf7 96. Kd7 Kg6 97. Kd6 Kf5 98. Nf2 g4 99. Nd4+ Kf4 100. Kd5 g3 101. Nd3+ Ke3 102. Nf5+ Kxd3 103. Nxg3 1/2-1/2


[Site "https://www.chess.com"]

[Event "Titled Tuesday Blitz November 07 Early 2023"]
[White "krucki03"]
[Black "Timofeev, Artyom"]
[BlackFideId "4140419"]
[WhiteElo "2460"]
[BlackElo "2854"]
[Result "0-1"]
[Round "4"]
[TimeControl "180+1"]
[Date "2023.11.07"]
[WhiteClock "0:00:11"]
[BlackClock "0:00:39"]
[Board "35"]

1. e4 c6 2. c4 d5 3. cxd5 cxd5 4. exd5 Nf6 5. Nc3 Nxd5 6. Nf3 Nc6 7. Bb5 Nxc3 8. bxc3 Bd7 9. O-O g6 10. Re1 Bg7 11. Ba3 Bf6 12. d4 O-O 13. Qb3 Na5 14. Qa4 Bxb5 15. Qxb5 a6 16. Qd3 Rc8 17. Rab1 b5 18. Nd2 Nc4 19. Nxc4 Rxc4 20. Qf3 Qd7 21. Bc5 Rc8 22. g3 Kg7 23. h4 h5 24. Re3 e6 25. Qe4 Qc6 26. Qf4 Qd5 27. Rf3 Qf5 28. Qxf5 gxf5 29. Rd3 Rd8 30. Rbd1 Rd5 31. Bb6 Be7 32. Ba5 Ra4 33. Bb4 Bxb4 34. cxb4 Rxb4 35. Ra3 Rd6 36. Rdd3 Rc4 37. Kg2 Kf6 38. Kf3 Rcc6 39. Ke3 Rd5 40. Ra5 Ke7 41. a4 b4 42. Rxd5 exd5 43. a5 Rc4 44. Kf4 Kf6 45. f3 Rc3 46. Ke3 f4+ 47. gxf4 Kf5 48. Rxc3 bxc3 49. Kd3 Kxf4 50. Kxc3 Kxf3 51. Kb4 Ke4 52. Kc5 f5 53. Kb6 f4 54. Kxa6 f3 55. Kb7 f2 56. a6 f1=Q 57. a7 Qb5+ 0-1


[Site "https://www.chess.com"]

[Event "Titled Tuesday Blitz November 07 Early 2023"]
[White "Kamsky, Gata"]
[Black "Tsotsonava, Elene"]
[WhiteFideId "2000024"]
[BlackFideId "13615939"]
[WhiteElo "2846"]
[BlackElo "2398"]
[Result "1-0"]
[Round "4"]
[TimeControl "180+1"]
[Date "2023.11.07"]
[WhiteClock "0:01:09"]
[BlackClock "0:00:00"]
[Board "36"]

1. d4 Nf6 2. Bf4 d5 3. e3 c5 4. c3 Nc6 5. Nd2 e6 6. Ngf3 Bd6 7. Bg3 O-O 8. Bd3 b6 9. Qe2 Qc7 10. Rd1 Bb7 11. e4 dxe4 12. Nxe4 Nxe4 13. Qxe4 g6 14. dxc5 bxc5 15. Bxd6 Qxd6 16. Ba6 Qc7 17. Bxb7 Qxb7 18. Ne5 Rac8 19. O-O Qc7 20. Nd7 Rfd8 21. Nxc5 a5 22. a3 Ne7 23. b4 Nd5 24. c4 Nb6 25. Rxd8+ Rxd8 26. Nb7 Rd2 27. Nxa5 Qd8 28. c5 Nd5 29. h3 Qg5 30. Nc4 Ra2 31. c6 Nc3 32. Qg4 Qe7 33. Kh1 Qc7 34. Qd4 Nb5 35. Qc5 Nxa3 36. Nxa3 Rxa3 37. b5 Rb3 38. Ra1 Kg7 39. g3 e5 40. Rc1 f6 41. Rd1 Qc8 42. Rd7+ Kh6 43. Qc4 Rb1+ 44. Kg2 g5 45. Qe4 1-0


[Site "https://www.chess.com"]

[Event "Titled Tuesday Blitz November 07 Early 2023"]
[White "Samarth J Rao"]
[Black "Kozak, Antoni"]
[WhiteFideId "46652370"]
[BlackFideId "21832030"]
[WhiteElo "2067"]
[BlackElo "2799"]
[Result "0-1"]
[Round "4"]
[TimeControl "180+1"]
[Date "2023.11.07"]
[WhiteClock "0:00:00"]
[BlackClock "0:00:03"]
[Board "37"]

1. e4 c5 2. Nf3 Nc6 3. d4 cxd4 4. Nxd4 e5 5. Nb5 d6 6. N1c3 a6 7. Na3 b5 8. Nd5 Nge7 9. Bg5 f6 10. Qh5+ g6 11. Nxf6+ Kf7 12. Qf3 Nd4 13. Qd1 h6 14. Be3 Kxf6 15. Bxd4 exd4 16. Qxd4+ Kf7 17. Qxh8 Qa5+ 18. Qc3 b4 19. Qf3+ Kg8 20. Bc4+ d5 21. exd5 bxa3+ 22. c3 Bb7 23. b4 Qc7 24. Bb3 Qd6 25. Rd1 Nf5 26. O-O Bg7 27. Rfe1 Kh7 28. Re6 Qd8 29. Qg4 Qg5 30. Qxg5 hxg5 31. d6 Rd8 32. c4 Bc6 33. c5 Bd7 34. Re7 Kh6 35. g4 Nd4 36. Rxd4 Bxd4 37. Be6 Bb5 0-1


[Site "https://www.chess.com"]

[Event "Titled Tuesday Blitz November 07 Early 2023"]
[White "Le, Tuan Minh"]
[Black "Dowgird, Filip"]
[WhiteFideId "12401153"]
[BlackFideId "1121235"]
[WhiteElo "3071"]
[BlackElo "2651"]
[Result "1-0"]
[Round "4"]
[TimeControl "180+1"]
[Date "2023.11.07"]
[WhiteClock "0:00:06"]
[BlackClock "0:00:03"]
[Board "38"]

1. d4 d6 2. e4 Nf6 3. Nc3 c6 4. Nf3 Bg4 5. h3 Bh5 6. Be2 e6 7. O-O d5 8. e5 Nfd7 9. Nd2 Bxe2 10. Nxe2 c5 11. c3 Nc6 12. f4 cxd4 13. cxd4 g6 14. Nf3 h5 15. Be3 Qb6 16. Qd2 Bb4 17. Qc2 Rc8 18. Rac1 Be7 19. Qd2 Qb4 20. Rc3 Kf8 21. Ng5 Kg7 22. Kh2 Qb5 23. Rb3 Qa6 24. Bf2 Bxg5 25. fxg5 Ne7 26. Ra3 Qb6 27. Be1 Nf5 28. Ng3 a6 29. Nxf5+ gxf5 30. g6 fxg6 31. Qg5 Qd8 32. Qd2 Qe7 33. Rb3 Rc7 34. Qe2 b5 35. Rg3 h4 36. Rc3 Rxc3 37. Bxc3 Nb6 38. b3 Qc7 39. Bb4 Rc8 40. Qd2 Qd8 41. Ba5 Rc6 42. Rc1 Qd7 43. Bxb6 Rxb6 44. Qg5 Qf7 45. Rc8 Rb7 46. Qd8 Kh6 47. Qxh4+ 1-0


[Site "https://www.chess.com"]

[Event "Titled Tuesday Blitz November 07 Early 2023"]
[White "Janaszak, Dawid"]
[Black "Tsydypov, Zhamsaran"]
[WhiteFideId "1119206"]
[BlackFideId "4108566"]
[WhiteElo "2646"]
[BlackElo "3011"]
[Result "0-1"]
[Round "4"]
[TimeControl "180+1"]
[Date "2023.11.07"]
[WhiteClock "0:00:00"]
[BlackClock "0:01:37"]
[Board "39"]

1. e4 c6 2. d4 d5 3. exd5 cxd5 4. Bd3 Nc6 5. c3 g6 6. Nf3 Bg7 7. O-O e6 8. Bf4 Nge7 9. Nbd2 O-O 10. Re1 f6 11. h3 Nf5 12. Bh2 Re8 13. b4 a6 14. a4 Bd7 15. Qb3 Bh6 16. Nf1 Kh8 17. Ne3 Nxe3 18. fxe3 Rc8 19. e4 Ne7 20. e5 f5 21. Bg3 g5 22. c4 Rg8 23. cxd5 Nxd5 24. Bxf5 Rc3 25. Qa2 Nxb4 26. Qb2 Nd5 27. Be4 Qb6 28. Qxb6 Nxb6 29. Bxb7 g4 30. hxg4 Rxg4 31. Kh2 Nxa4 32. d5 Nc5 33. dxe6 Bxe6 34. Ba8 Rc2 35. Bh4 Rgxg2+ 36. Kh1 Rg8 37. Bf6+ Bg7 38. Bxg7+ Rxg7 39. Nd4 Rc4 40. Rad1 Nb3 41. Re4 Rd7 42. Rb1 Rcxd4 43. Rxd4 Rxd4 44. Bf3 a5 45. Kg2 a4 46. Kf2 a3 47. Ke3 a2 0-1


[Site "https://www.chess.com"]

[Event "Titled Tuesday Blitz November 07 Early 2023"]
[White "Kislinsky, Alexey"]
[Black "Ibarra Jerez, Jose Carlos"]
[WhiteFideId "14108801"]
[BlackFideId "2226332"]
[WhiteElo "2640"]
[BlackElo "2988"]
[Result "0-1"]
[Round "4"]
[TimeControl "180+1"]
[Date "2023.11.07"]
[WhiteClock "0:00:07"]
[BlackClock "0:00:53"]
[Board "40"]

1. e4 c5 2. c3 Nf6 3. e5 Nd5 4. Bc4 Nb6 5. Bb3 Nc6 6. Nf3 g6 7. O-O Bg7 8. Re1 O-O 9. d4 cxd4 10. cxd4 d6 11. e6 fxe6 12. Be3 Na5 13. Nc3 Nxb3 14. Qxb3 Rxf3 15. gxf3 Qf8 16. f4 Qf5 17. Kh1 Bd7 18. f3 Bc6 19. Rf1 Rf8 20. Rae1 g5 21. Ne2 g4 22. Ng3 Qg6 23. f5 Rxf5 24. Nxf5 Qxf5 25. Bf2 Nc4 26. Kg1 Nd2 27. Qxe6+ Qxe6 28. Rxe6 Nxf3+ 29. Kg2 Nxd4+ 30. Kg3 Nxe6 0-1


[Site "https://www.chess.com"]

[Event "Titled Tuesday Blitz November 07 Early 2023"]
[White "Kuzhylnyi, Oleksandr"]
[Black "Shimanov, Aleksandr"]
[WhiteFideId "34110500"]
[BlackFideId "4198603"]
[WhiteElo "2638"]
[BlackElo "2964"]
[Result "0-1"]
[Round "4"]
[TimeControl "180+1"]
[Date "2023.11.07"]
[WhiteClock "0:00:06"]
[BlackClock "0:00:06"]
[Board "41"]

1. e4 c6 2. d4 d5 3. e5 Bf5 4. h4 h5 5. Bd3 Bxd3 6. Qxd3 Qa5+ 7. Nd2 e6 8. Nf3 Ne7 9. O-O Nf5 10. Nb3 Qb5 11. Qd1 c5 12. a4 Qb6 13. dxc5 Bxc5 14. Nxc5 Qxc5 15. c3 Nc6 16. Re1 O-O 17. Bg5 f6 18. exf6 gxf6 19. Rxe6 fxg5 20. Nxg5 Ng7 21. Qc2 Rf5 22. Rg6 Nd4 23. Qd3 Rxg5 24. cxd4 Rxg2+ 25. Rxg2 Qe7 26. Qg3 Rf8 27. Ra3 Rf7 28. Re3 Qf6 29. Re8+ Kh7 30. Qd3+ Nf5 31. Re5 Kh8 32. Qe2 Ng7 33. Rgg5 Qf4 34. Re8+ Kh7 35. Rxh5+ Kg6 36. Rg5+ Kh7 37. Qd3+ Nf5 38. Qh3 Qc1+ 39. Kh2 Qf4+ 40. Kg2 Nxh4+ 41. Qxh4+ Qxh4 42. Rg3 Qf4 43. Rh3+ Kg6 44. Rg3+ Kf5 45. Rf3 Rg7+ 46. Rg3 Rxg3+ 47. fxg3 Qd2+ 48. Kh3 Qxd4 49. Rf8+ Kg6 50. Rf4 Qxb2 51. Rg4+ Kf7 52. Rf4+ Ke6 53. Rg4 d4 0-1


[Site "https://www.chess.com"]

[Event "Titled Tuesday Blitz November 07 Early 2023"]
[White "Volkov, Maksim"]
[Black "Makarian, Rudik"]
[WhiteFideId "54123070"]
[BlackFideId "44105681"]
[WhiteElo "2632"]
[BlackElo "2954"]
[Result "1-0"]
[Round "4"]
[TimeControl "180+1"]
[Date "2023.11.07"]
[WhiteClock "0:00:29"]
[BlackClock "0:00:16"]
[Board "42"]

1. d4 Nf6 2. c4 e6 3. g3 d5 4. Bg2 Bb4+ 5. Bd2 Be7 6. Nf3 O-O 7. O-O Nbd7 8. Qc2 c6 9. Rd1 a5 10. Bf4 Nh5 11. Bc1 b5 12. b3 bxc4 13. bxc4 Ba6 14. Nbd2 Nhf6 15. Bb2 Rc8 16. Rac1 c5 17. dxc5 Bxc5 18. e3 Qb6 19. Rb1 Qa7 20. Qa4 Nb6 21. Qxa5 Nxc4 22. Nxc4 Bxc4 23. Qxa7 Bxa7 24. Ne5 Be2 25. Rdc1 Rxc1+ 26. Rxc1 Ra8 27. a4 Bb6 28. Ra1 h5 29. Nc6 Bc7 30. Bf1 Bxf1 31. Kxf1 Ne4 32. Ke2 Ra6 33. Nb4 Ra7 34. Bd4 Rb7 35. Nc6 e5 36. Nxe5 Ba5 37. f3 Nd6 38. Nc6 Nc4 39. Rc1 Bc7 40. Ne7+ Kh7 41. Nxd5 Bxg3 42. hxg3 Na5 43. Bb6 Nb3 44. Rc3 Na1 45. a5 h4 46. gxh4 Kg6 47. e4 Rxb6 48. axb6 f5 49. b7 Nc2 1-0


[Site "https://www.chess.com"]

[Event "Titled Tuesday Blitz November 07 Early 2023"]
[White "Galchenko, Matvey"]
[Black "Asavasaetakul, Chawit"]
[WhiteFideId "24175480"]
[BlackFideId "6204856"]
[WhiteElo "2950"]
[BlackElo "2631"]
[Result "0-1"]
[Round "4"]
[TimeControl "180+1"]
[Date "2023.11.07"]
[WhiteClock "0:01:34"]
[BlackClock "0:02:40"]
[Board "43"]

1. e4 d5 2. exd5 Nf6 3. d4 Bg4 4. f3 Bf5 5. c4 e6 6. g4 Bxb1 7. Rxb1 exd5 8. Kf2 Be7 9. h4 O-O 10. h5 Nc6 11. Be3 dxc4 12. Bxc4 Nd5 13. Ne2 Bh4+ 14. Ng3 Bxg3+ 15. Kxg3 Nxe3 16. Qd3 Nxc4 17. Qxc4 Qxd4 0-1


[Site "https://www.chess.com"]

[Event "Titled Tuesday Blitz November 07 Early 2023"]
[White "Gubajdullin, Alexei"]
[Black "Yeletsky, Ivan"]
[WhiteFideId "4141202"]
[BlackFideId "24180327"]
[WhiteElo "2627"]
[BlackElo "2947"]
[Result "1/2-1/2"]
[Round "4"]
[TimeControl "180+1"]
[Date "2023.11.07"]
[WhiteClock "0:00:10"]
[BlackClock "0:00:05"]
[Board "44"]

1. d4 Nf6 2. Nf3 g6 3. Bf4 Bg7 4. e3 O-O 5. Be2 d6 6. O-O Nc6 7. h3 e5 8. Bh2 exd4 9. exd4 b6 10. a4 Bb7 11. c3 Qd7 12. Re1 Rfe8 13. Nbd2 a6 14. Bc4 Rxe1+ 15. Qxe1 Ne7 16. Qf1 Bh6 17. Bb3 Ned5 18. Re1 b5 19. axb5 axb5 20. h4 Bc6 21. Ng5 Re8 22. f3 Kg7 23. Nde4 Re7 24. Nxf6 Nxf6 25. Rxe7 Qxe7 26. Nxf7 Be3+ 27. Kh1 h6 28. Qe1 Kf8 29. Bg1 Bf4 30. Qxe7+ Kxe7 31. Nh8 Be8 32. Bc2 g5 33. hxg5 hxg5 34. Ng6+ Bxg6 35. Bxg6 Bc1 36. b3 Nd5 37. c4 bxc4 38. bxc4 Nf4 39. Be4 Ne2 40. Bf2 Bb2 41. d5 Be5 42. Be3 Kf6 43. Bd3 Nf4 44. Bf1 Nh5 45. Kg1 Bg3 46. Bd3 Nf4 47. Bd4+ Kf7 48. Bf1 Ke7 49. Ba7 Ng6 50. Be3 Nf4 51. Bd2 Kd7 52. Be3 c6 53. dxc6+ Kxc6 54. Bd4 Ne6 55. Bf6 Kc5 56. Bd3 Be5 57. Be7 Nf4 58. Bf1 Kd4 59. Bxg5 Nd3 60. Bxd3 Kxd3 61. Be7 Kxc4 62. Kf2 d5 63. Ke2 d4 64. Bg5 d3+ 65. Kd1 Kd4 66. g4 Bd6 67. Bd2 Be5 68. Ke1 Kd5 69. Kf2 Bd4+ 70. Kg3 Kc4 71. f4 Bc3 72. Be3 Bd4 73. Bd2 Bc3 74. Be3 Bd4 75. Bd2 1/2-1/2


[Site "https://www.chess.com"]

[Event "Titled Tuesday Blitz November 07 Early 2023"]
[White "Grigoriants, Sergey"]
[Black "Arabidze, Meri"]
[WhiteFideId "4130804"]
[BlackFideId "13604040"]
[WhiteElo "2941"]
[BlackElo "2624"]
[Result "1/2-1/2"]
[Round "4"]
[TimeControl "180+1"]
[Date "2023.11.07"]
[WhiteClock "0:00:06"]
[BlackClock "0:00:05"]
[Board "45"]

1. d4 Nf6 2. c4 e6 3. g3 d5 4. Bg2 Bb4+ 5. Nd2 O-O 6. Nf3 c5 7. dxc5 Nbd7 8. cxd5 exd5 9. O-O Nxc5 10. a3 Bxd2 11. Bxd2 Nce4 12. Bb4 Re8 13. Rc1 Bg4 14. Nd4 a5 15. Be1 Bd7 16. Qb3 b5 17. Qd3 Qb6 18. b4 a4 19. Bc3 Rac8 20. Bb2 Rc4 21. e3 h6 22. Ne2 Be6 23. Bd4 Qc7 24. f3 Nd6 25. Bxf6 gxf6 26. Rxc4 bxc4 27. Qc3 Qd8 28. Nd4 Nf5 29. Rd1 Nxd4 30. Rxd4 Qc7 31. Kf2 Qe5 32. f4 Qh5 33. h3 Bxh3 34. Rxd5 f5 35. Bf3 Bg4 36. Bg2 Qh2 37. Qxc4 Bh3 38. Qf1 Bxg2 39. Qxg2 Qxg2+ 40. Kxg2 Rxe3 41. Rxf5 Rxa3 42. Ra5 Ra1 43. Kh3 a3 44. Kg4 Kg7 45. Kf5 h5 46. b5 a2 47. b6 Rb1 48. Rxa2 Rb5+ 49. Ke4 Rxb6 50. Kf3 Kg6 51. Ra5 Rc6 1/2-1/2


[Site "https://www.chess.com"]

[Event "Titled Tuesday Blitz November 07 Early 2023"]
[White "Kovalev, Vladislav"]
[Black "JuniorJumper"]
[WhiteFideId "13504398"]
[WhiteElo "2919"]
[BlackElo "2622"]
[Result "1-0"]
[Round "4"]
[TimeControl "180+1"]
[Date "2023.11.07"]
[WhiteClock "0:01:30"]
[BlackClock "0:00:02"]
[Board "46"]

1. e4 e5 2. Nf3 Nc6 3. Bb5 Nge7 4. O-O g6 5. c3 a6 6. Ba4 Bg7 7. d4 exd4 8. cxd4 b5 9. Bb3 O-O 10. Nc3 d6 11. h3 h6 12. a4 b4 13. Nd5 Bb7 14. a5 Nxd5 15. Bxd5 Qd7 16. Qa4 Qe8 17. Be3 Rb8 18. Rfc1 Nd8 19. Qxe8 Rxe8 20. Rxc7 Bxd5 21. exd5 Rb5 22. Ra7 Rxd5 23. Rxa6 Ne6 24. Rb6 Nc7 25. Rxb4 Ra8 26. Rb7 Ne6 27. a6 Ng5 28. Nxg5 hxg5 29. a7 Kh7 30. Rb8 Rxa7 31. Rxa7 Rxd4 32. Bxd4 Bxd4 33. Rxf7+ Kh6 34. g4 d5 35. Rbb7 Bg7 36. Rxg7 d4 37. Rh7# 1-0


[Site "https://www.chess.com"]

[Event "Titled Tuesday Blitz November 07 Early 2023"]
[White "Ashraf, Artin"]
[Black "Adewumi, Tanitoluwa"]
[WhiteFideId "22514805"]
[BlackFideId "30966396"]
[WhiteElo "2889"]
[BlackElo "2619"]
[Result "0-1"]
[Round "4"]
[TimeControl "180+1"]
[Date "2023.11.07"]
[WhiteClock "0:00:00"]
[BlackClock "0:00:04"]
[Board "47"]

1. c4 e5 2. Nc3 Nc6 3. e3 Nf6 4. a3 d5 5. cxd5 Nxd5 6. Qc2 Be6 7. Nf3 Be7 8. b4 Nxc3 9. dxc3 O-O 10. e4 f5 11. Bd3 Qd6 12. exf5 Rad8 13. Ke2 e4 14. Bxe4 Bc4+ 15. Ke1 Bf6 16. Be3 Rfe8 17. Nd2 Bd3 18. Bxd3 Qxd3 19. Qxd3 Rxd3 20. Ke2 Rxc3 21. Rhc1 Rcxe3+ 22. fxe3 Bxa1 23. Rxa1 Nd4+ 24. Kd3 Nxf5 25. e4 Rd8+ 26. Kc3 Ne3 27. g3 Kf7 28. Re1 Ng4 29. Nf3 h6 30. h3 Nf6 31. Nd4 g6 32. Rf1 Ke7 33. Re1 Nh5 34. Re3 Rf8 35. Kc4 c6 36. Nb3 Rf1 37. Nc5 Rc1+ 38. Kb3 b6 39. Nd3 Rd1 40. Ne5 Rd6 41. Rf3 Re6 42. Ng4 Nf6 43. Nxh6 Nxe4 44. Ng8+ Kd6 45. h4 Kd5 46. Nh6 Nd2+ 0-1


[Site "https://www.chess.com"]

[Event "Titled Tuesday Blitz November 07 Early 2023"]
[White "AlmasRakhmatullaev"]
[Black "Kvaloy, Aksel Bu"]
[BlackFideId "1528815"]
[WhiteElo "2888"]
[BlackElo "2617"]
[Result "1-0"]
[Round "4"]
[TimeControl "180+1"]
[Date "2023.11.07"]
[WhiteClock "0:00:20"]
[BlackClock "0:00:00"]
[Board "48"]

1. e4 e5 2. Nf3 Nf6 3. Nxe5 Nc6 4. Nd3 Nxe4 5. Nc3 Nxc3 6. dxc3 Be7 7. Be3 O-O 8. Nf4 d6 9. Be2 Re8 10. Qd2 Bf5 11. O-O-O Bf6 12. g4 Bd7 13. Nd5 Ne5 14. Rhg1 Bh4 15. g5 c6 16. Nf4 d5 17. Nh5 Qa5 18. Kb1 Bf5 19. Qd4 Be4 20. a3 b6 21. Rdf1 c5 22. Qd2 Nf3 23. Bxf3 Bxf3 24. Nf6+ gxf6 25. gxf6+ Kh8 26. Bh6 Be4 27. Bg7+ Kg8 28. Qh6 Bg6 29. Bh8 Bxf6 30. Bxf6 1-0


[Site "https://www.chess.com"]

[Event "Titled Tuesday Blitz November 07 Early 2023"]
[White "Lamaze, Simon"]
[Black "Donchenko, Alexander"]
[WhiteFideId "36069264"]
[BlackFideId "24603295"]
[WhiteElo "2615"]
[BlackElo "2877"]
[Result "0-1"]
[Round "4"]
[TimeControl "180+1"]
[Date "2023.11.07"]
[WhiteClock "0:00:10"]
[BlackClock "0:01:20"]
[Board "49"]

1. e4 c5 2. Nf3 d6 3. d4 cxd4 4. Nxd4 Nf6 5. Nc3 a6 6. b4 g6 7. Nb3 Bg7 8. Rb1 O-O 9. Bd2 Nc6 10. a3 b5 11. Bd3 Bb7 12. O-O Rc8 13. f4 e5 14. f5 Nd4 15. Bg5 Nxb3 16. Rxb3 h6 17. Be3 g5 18. h4 gxh4 19. Qf3 Kh8 20. Qh3 Nh5 21. Ne2 Rg8 22. Qg4 Nf6 23. Qxh4 Nh7 24. Qh5 Qf6 25. Ng3 Bf8 26. Qf3 Ng5 27. Qf2 d5 28. Nh5 Qc6 29. f6 Nh3+ 0-1


[Site "https://www.chess.com"]

[Event "Titled Tuesday Blitz November 07 Early 2023"]
[White "HamedWafa4"]
[Black "Mikaelyan, Arman"]
[BlackFideId "13304852"]
[WhiteElo "2655"]
[BlackElo "2877"]
[Result "0-1"]
[Round "4"]
[TimeControl "180+1"]
[Date "2023.11.07"]
[WhiteClock "0:00:01"]
[BlackClock "0:01:11"]
[Board "50"]

1. e4 e5 2. Nf3 Nc6 3. Bb5 a6 4. Ba4 Nf6 5. O-O Be7 6. d3 b5 7. Bb3 O-O 8. a4 Bb7 9. Nc3 b4 10. Nd5 Na5 11. Nxf6+ Bxf6 12. Bd5 Bxd5 13. exd5 d6 14. Bd2 Rb8 15. Qe1 c5 16. Kh1 Be7 17. Qc1 h6 18. Re1 f5 19. Qd1 Bf6 20. Rb1 Qd7 21. Ng1 Qxa4 22. b3 Qd7 23. Ra1 Rb5 24. Bc1 e4 25. Ra2 Bc3 26. Bd2 exd3 27. cxd3 Bxd2 28. Rxd2 Qb7 29. Nh3 Qxd5 30. Nf4 Qxb3 31. Qf3 Qf7 32. Rde2 Rb7 33. Ne6 Rc8 34. Ra1 b3 35. Rxa5 b2 36. Rxb2 Rxb2 0-1


[Site "https://www.chess.com"]